 Dungeon Crawl Stone Soup version 0.30.0-10-gfe55d96785 (webtiles) character file.

Game seed: 4125725455771477881

159248 Gabide the Swashbuckler (level 16, -3/146 HPs)
             Began as a Demigod Delver on May 14, 2023.
             Succumbed to poison (poison gas)
             ... on level 4 of the Swamp.
             The game lasted 01:06:59 (45336 turns).

Gabide the Swashbuckler (Demigod Delver)           Turns: 45336, Time: 01:06:59

Health: -3/146     AC: 20    Str: 16    XL:     16   Next: 60%
Magic:  2/28       EV: 30    Int: 12    God:
Gold:   517        SH: 10    Dex: 35    Spells: 15/15 levels left

rFire   . . .        a - +7 captain's cutlass {speed, disarm}
rCold   . . .        R - +2 buckler {reflect}
rNeg    . . .        W - +1 steam dragon scales
rPois   .            E - +2 helmet
rElec   .            q - +1 cloak {Will+}
rCorr   .            X - +3 Mad Mage's Maulers {Infuse+∞ VampMP -Cast}
SInv    +            I - +2 pair of boots
Will    ++...        H - amulet of regeneration
Stlth   ++++++++     j - ring of flight
HPRegen 1.24/turn    f - ring "Odith" {MP+9 Str+3 SInv Stlth+}
MPRegen 0.21/turn

%: no spellcasting, reflection, infuse magic (2 MP)
@: lethally poisoned (-3 -> -80), flying
A: high MP 1, forlorn, divine attributes
a: no special abilities


You were on level 4 of the Swamp.
You visited 4 branches of the dungeon, and saw 26 of its levels.
You also visited: Bailey, Gauntlet and Volcano.

You collected 3625 gold pieces.
You spent 3108 gold pieces at shops.

Inventory:

Hand Weapons
 a - the +7 captain's cutlass (weapon) {speed, disarm}
   (You acquired it in a bailey)
Missiles
 G - 4 curare-tipped darts
 T - 22 poisoned darts
Armour
 q - a +1 cloak of willpower (worn)
 E - a +2 helmet (worn)
 I - a +2 pair of boots (worn)
 O - a +2 cloak of preservation
 R - a +2 buckler of reflection (worn)
 W - +1 steam dragon scales (worn)
 X - the +3 Mad Mage's Maulers (worn) {Infuse+∞ VampMP -Cast}
   (You found it in a Gauntlet)

   Infuse+∞: It empowers its wearer's blows with all of their magic.
   VampMP:    Blows struck in melee replenish the wearer's magic.
   -Cast:     It prevents spellcasting.
Jewellery
 f - the ring "Odith" (right hand) {MP+9 Str+3 SInv Stlth+}
   (You acquired it on level 10 of the Dungeon)

   [ring of see invisible]

   Str:       It affects your strength (+3).
   MP:        It affects your magic capacity (+9).
   SInv:      It lets you see invisible.
   Stlth:     It makes you more stealthy.
 h - a +5 ring of evasion
 j - a ring of flight (left hand)
 n - a ring of protection from fire
 w - a ring of resist corrosion
 H - an amulet of regeneration (around neck)
 L - the ring "Eruumn" {rElec rC+ MP+9}
   (You bought it in a shop on level 2 of the Orcish Mines)

   [ring of magical power]

   rC:        It protects you from cold.
   rElec:     It insulates you from electricity.
   MP:        It affects your magic capacity (+9).
 N - a ring of poison resistance
 U - a ring of protection from cold
Wands
 g - a wand of digging (3)
 A - a wand of flame (45)
 B - a wand of paralysis (18) (quivered)
 J - a wand of light (38)
Scrolls
 c - 5 scrolls of fog
 d - 3 scrolls of magic mapping
 e - 4 scrolls of fear
 k - 18 scrolls of teleportation
 m - 3 scrolls of immolation
 v - 2 scrolls of vulnerability
 x - a scroll of amnesia
 y - 3 scrolls of poison
 K - a scroll of silence
 S - 6 scrolls of blinking
 Z - 10 scrolls of identify
Potions
 b - 4 potions of flight
 i - 4 potions of attraction
 l - 3 potions of ambrosia
 o - 18 potions of curing
 p - 7 potions of brilliance
 r - 2 potions of berserk rage
 s - 5 potions of invisibility
 t - 6 potions of magic
 u - a potion of resistance
 z - 3 potions of lignification
 C - 12 potions of heal wounds
 D - 9 potions of haste
 M - 8 potions of might
 P - 3 potions of cancellation
 Q - 6 potions of mutation


   Skills:
 - Level 14.0 Fighting
 + Level 17.7 Short Blades
 - Level 6.0 Armour
 - Level 14.0 Dodging
 - Level 15.0 Stealth
 - Level 6.0 Shields


You had 15 spell levels left.
You didn't know any spells.
Your spell library contained the following spells:

 Spells                   Type           Power      Damage    Failure   Level
 Necrotise                Necr           0%         1d4       38%         1
 Shock                    Conj/Air       0%         1d3       38%         1
 Slow                     Hex            0%         N/A       38%         1
 Sting                    Tmut/Pois      0%         1d3       38%         1
 Blink                    Tloc           0%         N/A       54%         2
 Lesser Beckoning         Tloc           0%         N/A       54%         2
 Momentum Strike          Conj/Tloc      0%         3d8       54%         2
 Poisonous Vapours        Pois/Air       0%         N/A       54%         2
 Sublimation of Blood     Necr           0%         N/A       54%         2
 Wereblood                Tmut           0%         N/A       54%         2
 Confusing Touch          Hex            0%         N/A       77%         3
 Dazzling Flash           Conj/Hex       0%         N/A       77%         3
 Frozen Ramparts          Ice            0%         1d1       77%         3
 Gell's Gravitas          Tloc           0%         N/A       77%         3
 Swiftness                Air            0%         N/A       77%         3
 Teleport Other           Tloc           0%         N/A       77%         3
 Vampiric Draining        Necr           0%         2d6       77%         3
 Airstrike                Air            0%         2d(0-16)  99%         4
 Cause Fear               Hex            0%         N/A       99%         4
 Ice Form                 Ice/Tmut       0%         N/A       99%         4
 Manifold Assault         Tloc           0%         N/A       99%         4
 Olgreb's Toxic Radiance  Pois           0%         N/A       99%         4
 Petrify                  Tmut/Erth      0%         N/A       99%         4
 Summon Ice Beast         Ice/Summ       0%         N/A       99%         4
 Agony                    Necr           0%         N/A       100%        5
 Blade Hands              Tmut           0%         N/A       100%        5
 Irradiate                Conj/Tmut      0%         3d11      100%        5
 Iskenderun's Battlesphe  Conj           0%         2d6       100%        5
 Metabolic Englaciation   Hex/Ice        0%         N/A       100%        5
 Silence                  Hex/Air        0%         N/A       100%        5
 Summon Mana Viper        Hex/Summ       0%         N/A       100%        5
 Dispersal                Tloc           0%         N/A       100%        6
 Iron Shot                Conj/Erth      0%         9d1       100%        6
 Dragon Form              Tmut           0%         N/A       100%        7
 Monstrous Menagerie      Summ           0%         N/A       100%        7
 Spellforged Servitor     Conj/Summ      0%         N/A       100%        7
 Summon Hydra             Summ           0%         N/A       100%        7
 Disjunction              Tloc           0%         N/A       100%        8
 Dragon's Call            Summ           0%         N/A       100%        9


Dungeon Overview and Level Annotations

Branches:
Dungeon (15/15)            Temple (0/1) D:7            Lair (5/5) D:9
  Swamp (4/4) Lair:2       Spider (0/4) Lair:3        Slime (0/5) Lair:4
    Orc (2/2) D:10            Elf (0/3) Orc:2        Vaults (0/5) D:14
 Depths (0/4) D:15         Bailey (visited)         Volcano (visited)
Gauntlet (visited)

Shops:
D:5 *[*[[   D:8 :   D:14 [=[[*   Orc:2 *([=

Portals:
Trove: D:13 (give 18 potions of curing)

Annotations:
D:15 2 transporters, Boahovan's ghost, journeyman DsGl


Innate Abilities, Weirdness & Mutations

You have an increased reservoir of magic. (+10% MP)
You shall have no god before yourself.
Your divine heritage dramatically boosts your attributes as you level up.


Message History

The blast of poison engulfs you.
You are poisoned.
You impale the swamp dragon!!
The swamp dragon is severely wounded.
You are engulfed in poison gas.
You are more poisoned.
You feel very sick.
You puncture the swamp dragon!
The swamp dragon is almost dead.
You are engulfed in poison gas.
You are more poisoned.
You feel very sick.
You barely miss the swamp dragon.
The swamp dragon is almost dead.
You are engulfed in poison gas.
You are more poisoned.
You feel very sick. The swamp dragon barely misses you.
The swamp dragon completely misses you. x2
You barely miss the swamp dragon.
The swamp dragon is almost dead.
You are engulfed in poison gas.
You are more poisoned.
You feel extremely sick.
You puncture the swamp dragon!
You kill the swamp dragon!
You are engulfed in poison gas.
You are more poisoned.
You feel very sick.
You are engulfed in poison gas.
You are more poisoned.
* * * LOW HITPOINT WARNING * * *
x2 You feel extremely sick.
There is a stone staircase leading up, spattered with blood here.
You see here a hydra corpse.
You are lethally poisoned (17 -> -44).
You are flying.
Your flying speed is average.
Your attack delay is about 0.3 (and cannot be improved with additional weapon skill).
Your damage rating with the +7 captain's cutlass {speed, disarm} is about 26 (Base 7 x 162% (Dex) x 166% (Skill) + 7 (Ench)).
Your base attributes are Str 13, Int 12, Dex 35.
Unknown command.
You are engulfed in poison gas.
You are more poisoned.
* * * LOW HITPOINT WARNING * * *
You die...

...#♣~~.~~~~~~~~.♣♣♣(~~~~§~.~~~.†
☼.##○○♣..~~~~~~~~.~♣♣.~~~.♣~~~~~.
○##♣~○○♣♣~...~~§..~~♣♣.~~.♣.~~~~♣
##D.~~☼♣♣♣~.~~..~~..§~....~~~~~~♣
f~D§○☼♣♣♣♣~~~~~~~~~~~.~~♣~.~~~~~♣
♣~♣♣♣♣♣♣.~~~~~.~~~~...♣♣♣♣.~~~~<♣
.~~♣♣♣♣.~~~~~~...○.~.♣~.♣♣♣.....♣
..~.~~§~~~~~~~~♣♣○..♣....~~...).♣
♣...~§~~~~~~~~<°@°♣♣..~~..♣~~~..♣
♣♣....~~~~~...~○○♣♣♣..~~.~.~~~~.♣
♣♣♣♣♣.~....♣.○~°.♣♣~~~~~~~~~~~~♣
♣~~†...♣~..~.~~♣~..~~~~~~~~~~~~
♣.~†..♣♣♣♣~♣♣♣♣♣..~~..~~~~~~~~~
♣..~♣♣♣ ♣♣♣ ♣.~~~....~~~~~~.
♣♣♣♣♣ ♣~~~.....§~~ ♣♣.....♣♣..
♣♣♣♣♣♣♣ ♣~


There were no monsters in sight!

Vanquished Creatures
  Nikola (Swamp:1)
  Jorgrun (Swamp:1)
  Rupert (D:12)
  Gastronok (D:9)
  The ghost of dertzug the Executioner, an adept HOBe of Trog (Swamp:2)
  A thorn hunter (Swamp:3)
  A fenstrider witch (Swamp:3)
  An orc warlord (Bailey)
  A quicksilver ooze (Gauntlet)
  2 stone giants
  Nessos (D:12)
  5 eleionomae
  14 bunyips
  Azrael (D:14)
  A minotaur (Gauntlet)
  3 ettins (Orc:2)
  Snorg (Orc:1)
  A shambling mangrove (Swamp:4)
  5 vault guards
  A ghost crab (Swamp:3)
  22 hydras
  2 catoblepae
  An ogre mage (D:15)
  3 centaur warriors
  5 boulder beetles
  4 tengu warriors
  9 alligators
  An orc high priest (Orc:1)
  8 two-headed ogres
  Urug (Orc:1)
  A hell knight (Volcano)
  11 spriggans
  A sun demon (Volcano)
  4 skysharks
  A fire crab (shapeshifter) (D:15)
  12 goliath frogs
  A death drake (Swamp:4)
  4 bog bodies
  7 spriggan druids
  7 swamp dragons
  An orc knight (D:15)
  A deep elf pyromancer (D:12)
  12 cyclopes
  A moth of wrath (Gauntlet)
  3 will-o-the-wisps
  2 manticores
  11 ugly things
  Joseph (D:7)
  9 elephants
  2 gargoyles
  2 molten gargoyles (Volcano)
  6 black mambas
  18 cane toads
  Maurice (D:9)
  Maggie (D:9)
  2 unseen horrors (D:12)
  A komodo dragon (shapeshifter) (D:14)
  6 rime drakes
  5 yaktaurs (D:15)
  A freezing wraith (D:14)
  10 komodo dragons
  5 kobold demonologists
  2 efreet (D:15)
  2 tengu conjurers
  4 trolls
  2 polar bears (Lair:5)
  2 bloated husks
  9 hornets
  9 tyrant leeches
  A red devil (Volcano)
  14 blink frogs
  3 meliai (D:15)
  6 dream sheep (Lair:4)
  A wyvern (D:7)
  12 slime creatures
  2 vampires
  A water elemental (D:12)
  2 wraiths
  33 yaks
  5 fire bats
  7 shadows
  3 basilisks
  2 fire elementals (D:14)
  Grum (D:9)
  15 vampire mosquitoes
  3 redbacks (Lair:3)
  2 wargs (Orc:1)
  A steam dragon (D:7)
  3 acid dragons
  11 swamp worms
  12 water moccasins
  7 hell hounds
  2 swamp drakes (Swamp:4)
  21 orc warriors
  An ice beast (D:6)
  3 black bears (D:5)
  27 wolves
  11 centaurs
  6 ogres
  3 phantoms
  3 kobold brigands
  13 bullfrogs
  3 gnoll sergeants
  9 scorpions
  26 killer bees
  3 electric eels
  2 howler monkeys
  3 lava snakes (Volcano)
  6 jellies
  4 hounds
  14 orc priests
  Crazy Yiuf (D:7)
  4 gnoll boudas
  Terence (D:2)
  Natasha (thrice) (D:3)
  9 iguanas
  18 orc wizards
  27 gnolls
  8 adders
  2 shadow imps
  3 white imps
  An ufetubus (D:7)
  5 worms
  3 dart slugs
  70 orcs
  8 ball pythons
  6 bats
  7 endoplasms
  4 giant cockroaches
  18 goblins
  2 hobgoblins
  6 quokkas
  3 frilled lizards
  22 kobolds
  4 rats
822 creatures vanquished.

Vanquished Creatures (others)
  3 bloated husks
  A spriggan (Swamp:3)
  A swamp worm (Swamp:3)
  An orc wizard (D:15)
  An orc (D:15)
  4 foxfires (Swamp:2)
11 creatures vanquished.

Grand Total: 833 creatures vanquished

Notes
Turn   | Place    | Note
-------+----------+-------------------------------------------
     0 | D:5      | Gabide the Demigod Delver began the quest for the Orb.
     0 | D:5      | Reached XP level 1. HP: 18/18 MP: 3/3
    73 | D:4      | Noticed a scorpion
    73 | D:4      | Noticed a jelly
   143 | D:4      | Noticed a scorpion
   151 | D:4      | Killed a scorpion
   152 | D:4      | Reached skill level 3 in Short Blades
   152 | D:4      | Reached XP level 2. HP: 12/25 MP: 4/4
   152 | D:4      | Reached XP level 3. HP: 14/30 MP: 5/5
   388 | D:4      | Reached skill level 4 in Short Blades
   520 | D:3      | Noticed Natasha
   538 | D:3      | Killed Natasha
   539 | D:3      | Reached XP level 4. HP: 13/37 MP: 6/6
   866 | D:3      | Noticed Natasha
   877 | D:3      | Killed Natasha
  1046 | D:3      | Reached skill level 5 in Short Blades
  1277 | D:3      | Reached XP level 5. HP: 42/42 MP: 7/7
  2266 | D:2      | Noticed Terence
  2273 | D:2      | Killed Terence
  2622 | D:3      | Noticed Natasha
  2635 | D:3      | Killed Natasha
  2743 | D:5      | Bought a pair of smoking boots for 190 gold pieces
  2743 | D:5      | Identified the +0 pair of boots of Tusuthun {rPois MP-9
                  | Int+8 SInv} (You bought it in a shop on level 5 of the
                  | Dungeon)
  3225 | D:4      | Noticed an ogre
  3238 | D:4      | Killed an ogre
  3239 | D:4      | Reached skill level 6 in Short Blades
  3239 | D:4      | Reached XP level 6. HP: 50/50 MP: 0/8
  4016 | D:5      | Noticed a water moccasin
  4019 | D:5      | Killed a water moccasin
  4020 | D:5      | Reached skill level 7 in Short Blades
  4050 | D:5      | Found Xaigh's Armour Shop.
  4118 | D:5      | Reached XP level 7. HP: 55/56 MP: 0/9
  4136 | D:5      | Found Junkab's General Store.
  4142 | D:5      | Bought a scroll of identify for 22 gold pieces
  4153 | D:5      | Found Deite's General Store.
  4331 | D:5      | Found Mumyff's Armour Shoppe.
  4344 | D:5      | Reached skill level 8 in Short Blades
  4804 | D:5      | Reached skill level 9 in Short Blades
  4927 | D:5      | Reached XP level 8. HP: 43/62 MP: 1/10
  4992 | D:5      | Identified the +0 ring mail of Oluasm {Int+5}
  5533 | D:5      | Reached skill level 10 in Short Blades
  5637 | D:5      | Reached skill level 5 in Stealth
  6380 | D:6      | Reached XP level 9. HP: 70/71 MP: 11/11
  7054 | D:7      | Noticed Joseph
  7061 | D:7      | Killed Joseph
  7062 | D:7      | Reached skill level 5 in Fighting
  7245 | D:7      | Reached skill level 5 in Dodging
  7351 | D:7      | Found a staircase to the Ecumenical Temple.
  7683 | D:7      | Found a runed translucent door.
  7684 | D:7      | Noticed Crazy Yiuf
  7923 | D:7      | Killed Crazy Yiuf
  8054 | D:5      | Bought a +2 cloak for 214 gold pieces
  8650 | D:8      | Noticed a cyclops
  8674 | D:8      | Killed a cyclops
  8675 | D:8      | Reached XP level 10. HP: 76/84 MP: 13/13
  8695 | D:8      | Found a flagged portal.
  8707 | Bailey   | Entered a bailey
  8712 | Bailey   | Noticed an orc warlord
  8778 | Bailey   | Found a runed translucent gate.
  8778 | Bailey   | Found a runed translucent gate.
  8778 | Bailey   | Found a runed translucent gate.
  9043 | Bailey   | Killed an orc warlord
  9064 | Bailey   | Identified the +1 chain mail of the Goldsmith {rPois rCorr
                  | SInv Stlth-}
  9076 | Bailey   | Acquired the +7 captain's cutlass {speed, disarm}
  9076 | Bailey   | Found the +7 captain's cutlass {speed, disarm}
  9543 | D:8      | Found Rohajifei's Book Shoppe.
  9639 | D:9      | Noticed Maggie
  9646 | D:9      | Killed Maggie
  9680 | D:9      | Noticed Maurice
  9721 | D:9      | Killed Maurice
  9722 | D:9      | Reached skill level 11 in Short Blades
  9941 | D:9      | Reached XP level 11. HP: 92/92 MP: 14/14
 10093 | D:9      | Noticed Grum
 10098 | D:9      | Killed Grum
 10161 | D:9      | Noticed Gastronok
 10346 | D:9      | Found a staircase to the Lair.
 10502 | D:9      | Killed Gastronok
 10503 | D:9      | Reached skill level 12 in Short Blades
 10677 | D:9      | Acquired 358 gold pieces
 10877 | D:9      | Acquired a manual of Short Blades
 10880 | D:10     | Entered Level 10 of the Dungeon
 11088 | D:10     | Acquired the ring "Odith" {MP+9 Str+3 SInv Stlth+}
 11372 | D:10     | Found a staircase to the Orcish Mines.
 11411 | D:10     | Noticed a two-headed ogre
 11418 | D:10     | Killed a two-headed ogre
 11419 | D:10     | Reached skill level 13 in Short Blades
 11612 | Lair:1   | Entered Level 1 of the Lair of Beasts
 11695 | Lair:1   | Found a gate leading to a gauntlet.
 11718 | Lair:1   | Noticed a skyshark
 11735 | Gauntlet | Entered a Gauntlet
 11735 | Gauntlet | Found a transporter.
 11735 | Gauntlet | Found a transporter.
 11741 | Gauntlet | Found a transporter.
 11757 | Gauntlet | Found a transporter.
 11771 | Gauntlet | Found a transporter.
 11771 | Gauntlet | Found a transporter.
 11771 | Gauntlet | Found a transporter.
 11773 | Gauntlet | Found a transporter.
 11773 | Gauntlet | Found a transporter.
 11775 | Gauntlet | Noticed a cacodemon
 11785 | Gauntlet | Found a transporter.
 11800 | Gauntlet | Found a runed translucent door.
 11801 | Gauntlet | Found a transporter.
 11802 | Gauntlet | Found a runed translucent door.
 11808 | Gauntlet | Noticed a quicksilver ooze
 11809 | Gauntlet | Found the +3 Mad Mage's Maulers {Infuse+∞ VampMP -Cast}
 11811 | Gauntlet | Found a transporter.
 11826 | Gauntlet | Found a transporter.
 11846 | Gauntlet | Found a transporter.
 12120 | Gauntlet | Reached skill level 14 in Short Blades
 12125 | Gauntlet | Reached skill level 1 in Shields
 12211 | Gauntlet | Killed a quicksilver ooze
 12251 | Gauntlet | Identified the +8 plate armour of the Storm King {rElec rF+
                  | Str+3}
 12251 | Gauntlet | Noticed a minotaur
 12256 | Gauntlet | Killed a minotaur
 12484 | Lair:1   | Noticed a boulder beetle
 12491 | Lair:1   | Killed a boulder beetle
 12588 | Lair:1   | Reached skill level 5 in Shields
 13188 | Lair:1   | Killed a skyshark
 13439 | Lair:1   | Reached skill level 1 in Armour
 13870 | Lair:2   | Reached XP level 12. HP: 97/100 MP: 1/15
 14199 | Lair:2   | Reached skill level 5 in Armour
 14237 | Lair:2   | Found a dark tunnel.
 14252 | Volcano  | Entered a volcano
 16093 | Lair:2   | Identified the +0 leather armour "Bophaxt" {rN+ Str+3 Int+5
                  | Dex-4}
 16495 | Lair:2   | Noticed a five-headed hydra
 16502 | Lair:2   | Killed a five-headed hydra
 16589 | Lair:2   | Found a staircase to the Swamp.
 16589 | Lair:2   | Noticed a six-headed hydra
 16623 | Lair:2   | Killed a six-headed hydra
 17589 | Lair:3   | Noticed a seven-headed hydra
 17590 | Lair:3   | Noticed a six-headed hydra
 17596 | Lair:3   | Killed a seven-headed hydra
 17620 | Lair:3   | Killed a six-headed hydra
 17772 | Lair:3   | Reached skill level 10 in Stealth
 18145 | Lair:3   | Found a hole to the Spider Nest.
 18307 | Lair:3   | Reached XP level 13. HP: 110/110 MP: 5/16
 21259 | Lair:4   | Found a staircase to the Slime Pits.
 21624 | Lair:5   | Entered Level 5 of the Lair of Beasts
 21894 | Lair:5   | Reached skill level 10 in Fighting
 22296 | Lair:5   | Reached skill level 10 in Dodging
 24433 | D:11     | Identified the +6 dagger "Nahesm" {chaos, Stlth+}
 25744 | D:12     | Reached XP level 14. HP: 122/122 MP: 1/17
 26539 | D:12     | Noticed Rupert
 26548 | D:12     | Killed Rupert
 27036 | D:12     | Identified the +0 leather armour of Ignis, Blushing {Int+2}
 27194 | D:12     | Noticed Nessos
 27205 | D:12     | Killed Nessos
 29163 | D:13     | Found a portal to a secret trove of treasure.
 29394 | D:5      | Bought a potion of curing for 42 gold pieces
 29394 | D:5      | Bought a potion of curing for 42 gold pieces
 29409 | D:5      | Bought 6 curare-tipped darts for 79 gold pieces
 29629 | D:14     | Found Bunoj's Assorted Antiques.
 29637 | D:14     | Bought a scroll of blinking for 240 gold pieces
 29637 | D:14     | Bought a potion of heal wounds for 160 gold pieces
 29980 | D:14     | Found Noteorug's Antique Armour Shoppe.
 30148 | D:14     | Bought a fabulously ornate robe for 159 gold pieces
 30148 | D:14     | Identified the +1 robe of Qobof {rPois rF- rC- rCorr MP+9}
                  | (You bought it in a shop on level 14 of the Dungeon)
 30420 | D:14     | Found a gate to the Vaults.
 30987 | D:14     | Found Icu Giad's Jewellery Emporium.
 31024 | D:14     | Noticed Azrael
 31058 | D:14     | Killed Azrael
 31300 | D:14     | Found Luixtec's Armour Shop.
 31534 | D:14     | Found Povuil's Antique Armour Shoppe.
 31639 | D:15     | Entered Level 15 of the Dungeon
 32311 | D:15     | Noticed Boahovan's ghost (journeyman DsGl)
 32312 | D:15     | Found a transporter.
 32312 | D:15     | Identified the +0 great mace "Saakipn" {flame, rPois MP+9}
 32312 | D:15     | Noticed a fire giant
 32314 | D:15     | Noticed a fire giant
 32316 | D:15     | Found a transporter.
 32443 | D:15     | Found a staircase to the Depths.
 32648 | D:15     | Reached XP level 15. HP: 120/134 MP: 1/18
 33754 | Orc:1    | Entered Level 1 of the Orcish Mines
 34055 | Orc:1    | Noticed Snorg
 34070 | Orc:1    | Killed Snorg
 34299 | Orc:2    | Entered Level 2 of the Orcish Mines
 34549 | Orc:2    | Found Buluraaj's Antique Weapon Shoppe.
 34728 | Orc:1    | Noticed Urug
 34733 | Orc:1    | Killed Urug
 34974 | Orc:2    | Found Aloockom's Jewellery Emporium.
 35007 | Orc:2    | Bought an amulet of regeneration for 480 gold pieces
 35007 | Orc:2    | Bought the ring "Eruumn" {rElec rC+ MP+9} for 656 gold
                  | pieces
 35306 | Orc:2    | Found a staircase to the Elven Halls.
 35309 | Orc:2    | Found Guremib's General Store.
 35476 | Orc:2    | Bought a scroll of magic mapping for 97 gold pieces
 35476 | Orc:2    | Bought 2 scrolls of blinking for 195 gold pieces
 35476 | Orc:2    | Bought 2 potions of mutation for 208 gold pieces
 35476 | Orc:2    | Bought a scroll of teleportation for 39 gold pieces
 35634 | Orc:2    | Found Zogiuddi's Antique Armour Boutique.
 35908 | Orc:2    | Bought a bloodstained helmet for 285 gold pieces
 35908 | Orc:2    | Identified the +1 helmet of Immorality {Int+4} (You bought
                  | it in a shop on level 2 of the Orcish Mines)
 36285 | Swamp:1  | Entered Level 1 of the Swamp
 36566 | Swamp:1  | Identified the +6 chain mail "Deytam" {Int+2}
 36572 | Swamp:1  | Noticed Nikola
 36580 | Swamp:1  | Killed Nikola
 36642 | Swamp:1  | Noticed Jorgrun
 36646 | Swamp:1  | Killed Jorgrun
 38596 | Swamp:2  | Reached skill level 15 in Stealth
 39674 | Swamp:2  | Found a large runed translucent door.
 39674 | Swamp:2  | Found a large runed translucent door.
 39675 | Swamp:2  | Noticed dertzug's ghost (adept HOBe)
 40299 | Swamp:2  | Reached XP level 16. HP: 146/146 MP: 9/19
 40789 | Swamp:2  | Killed dertzug's ghost
 41085 | Swamp:3  | Reached skill level 15 in Short Blades
 41086 | Swamp:3  | Identified the +8 long sword "Noch" {elec, rN+}
 41872 | Swamp:2  | Reached skill level 16 in Short Blades
 42512 | Swamp:3  | Identified the +8 chain mail of Amelioration {rElec Slay+2}
 43225 | Swamp:4  | Entered Level 4 of the Swamp
 43427 | Swamp:4  | Reached skill level 17 in Short Blades
 43904 | Swamp:4  | Got Isapihur's Omnibus of the Damned and the Tundra
 45336 | Swamp:4  | Succumbed to poison (poison gas)

Illustrated notes

Levels and vault maps discovered:
D:1:      grunt_arrival_crossed_arrows, layout_loops_ring
D:2:      layout_basic, basic_altar, uniq_terence
D:3:      layout_basic, mainiacjoe_overflow_six_doors_small,
          nicolae_elevator_lobby_asterisk, uniq_natasha
D:4:      layout_basic, lemuel_blue_sif_altar, vehumet_crystals,
          minmay_crossroads
D:5:      kennysheep_windowed_halls, layout_basic,
          nicolae_overflow_hidden_temple, serial_shops, shop_statue,
          nicolae_shop_statue_plus, shop, nicolae_stop_n_shop_2,
          nicolae_shop_getting_attention, minmay_joined_circles
D:6:      layout_basic, mainiacjoe_overflow_cross_hatched, serial_corexii_hall,
          chequers_hall_statues_wall_a, corexii_hall_statues_s,
          chequers_hall_statues_y, corexii_hall_statues_i
D:7:      layout_basic, minmay_temple_entry_arrows, uniq_crazy_yiuf_cottage,
          uniq_joseph
D:8:      layout_cave_pools, overflow_temple_1_default,
          fedhas_bush_and_centaur_altar, enter_bailey_2, serial_shops, shop
D:9:      layout_stronghold, okawaru_metal_pillars_1_2, lair_entry_dummy,
          serial_glass, glass_columns_a, glass_columns_a, uniq_grum,
          uniq_gastronok, uniq_maggie, uniq_maurice
D:10:     layout_roguey, grunt_qazlal_clouds, orc_0_dummy
D:11:     layout_long_grid
D:12:     layout_basic, uniq_rupert, uniq_nessos
D:13:     layout_roguey [special_room_orc], enter_trove_5
D:14:     layout_irregular_city, lightli_vaults_fourway_checkpoint,
          serial_shops, shop, shop, shop_statue, nicolae_shop_trees, shop,
          grunt_dithmenos_shadows, uniq_azrael
D:15:     grunt_enter_depths_snipers, layout_gridville, serial_glass,
          glass_columns_b, glass_columns_b, glass_columns_a, glass_columns_b,
          glass_columns_a, glass_columns_a, glass_columns_a, glass_columns_a,
          glass_columns_c, glass_columns_b, glass_columns_c, glass_columns_a,
          glass_columns_b, glass_columns_a, gammafunk_ghost_smash
Lair:1:   layout_regular_city, gauntlet_entry_generic
Lair:2:   layout_hall_layers, palyth_hydra_swamp_entry,
          nicolae_volcano_entry_batcave, grunt_megastairs_5,
          serial_bayou_shore_a, lemuel_fruit_fields
Lair:3:   layout_roguey, spider_nest_entry_webs
Lair:4:   layout_big_grid, nicolae_slime_entry_field_trip, beast_lair_carwin_11
Lair:5:   minmay_lair_end_frog_pond, layout_small_grid, lemuel_fruit_fields,
          serial_bayou_shore_b
Swamp:1:  layout_basic_swamp, serial_swamp_ruin, evilmike_swamp_ruin_house_5,
          evilmike_swamp_ruin_house_1, nicolae_swamp_bunyip_nook,
          infiniplex_staircase_pool, uniq_nikola, uniq_jorgrun
Swamp:2:  layout_basic_swamp, ebering_ghost_disaster_area,
          evilmike_swamp_ruin_house_4, swamp_pool1, nicolae_swamp_spriggan_camp
Swamp:3:  layout_falls_marsh, hangedman_swamp_ruin_hall, swamp_pool1,
          nicolae_swamp_well_well_well
Swamp:4:  swamp, layout_basic_swamp, swamp_pool1,
          nicolae_swamp_frolicking_bunyips
Orc:1:    layout_caves, portal_ice_cave_rime, uniq_snorg, uniq_urug
Orc:2:    grunt_orc_gardens, layout_caves, grunt_orc_garden, grunt_orc_garden,
          grunt_orc_garden, grunt_orc_garden, basic_altar

Skill      XL: |  1  2  3  4  5  6  7  8  9 10 11 12 13 14 15 16 |
---------------+-------------------------------------------------+-----
Short Blades   | 3 4 5 6 7 9 10 11 14 17 | 17.7
Dodging        | 3 6 7 8 10 12 14 | 14.0
Fighting       | 4 6 7 8 10 12 14 | 14.0
Stealth        | 5 7 8 10 12 13 15 | 15.0
Shields        | 6 |  6.0
Armour         | 2 6 |  6.0

Action                     |  1- 3 |  4- 6 |  7- 9 | 10-12 | 13-15 | 16-18 || total
---------------------------+-------+-------+-------+-------+-------+-------++-------
  Melee: Short sword       |    51 |    22 |   530 |    89 |       |       ||   692
         Dagger            |       |   258 |    65 |       |       |       ||   323
         Punch             |       |     3 |    11 |       |       |       ||    14
         Cutlass           |       |       |       |   582 |  1323 |   219 ||  2124
         Unarmed           |       |       |       |    10 |       |       ||    10
  Throw: Dart              |    14 |    23 |     8 |       |     5 |     1 ||    51
         Boomerang         |       |     3 |       |     5 |       |       ||     8
         Throwing net      |       |       |       |     2 |     2 |       ||     4
  Evoke: Wand              |       |     1 |       |     4 |     1 |     2 ||     8
    Use: Scroll            |       |     6 |    13 |    16 |     4 |     1 ||    40
         Potion            |       |     1 |     3 |     3 |     1 |     2 ||    10
   Stab: Sleeping          |     1 |    16 |    14 |    25 |    48 |    17 ||   121
         Distracted        |       |     1 |     1 |     3 |    10 |     1 ||    16
         Paralysed         |       |     1 |       |       |       |       ||     1
         Invisible         |       |       |       |     9 |     1 |       ||    10
         Held in net/web   |       |       |       |     1 |     2 |       ||     3
 Armour: Leather armour    |     4 |    44 |    78 |    23 |       |       ||   149
         Steam dragon scal |       |       |       |    45 |   106 |    49 ||   200
  Dodge: Dodged            |    29 |   171 |   288 |   301 |   514 |   171 ||  1474
  Block: Other             |       |       |    46 |    13 |       |       ||    59
         Reflection        |       |       |     4 |     4 |    15 |     2 ||    25
         Buckler           |       |       |       |   192 |   396 |    70 ||   658
